 Dungeon Crawl Stone Soup version 0.31.0-12-g77e489cdc1 (webtiles) character file.

Game seed: 6610839170194487266

6 Silvore the Trooper (level 1, 0/18 HPs)
             Began as a Demonspawn Fighter on Feb 12, 2024.
             Succumbed to a kobold's poison
             ... on level 1 of the Dungeon.
             The game lasted 00:00:12 (127 turns).

Silvore the Trooper (Demonspawn Fighter)             Turns: 127, Time: 00:00:12

Health: 0/18       AC:  7    Str: 16    XL:     1   Next: 75%
Magic:  1/1        EV:  8    Int:  8    God:
Gold:   0          SH:  4    Dex: 12    Spells: 0/0 levels left

rFire   . . .        a - +0 long sword
rCold   . . .        c - +0 buckler
rNeg    . . .        b - +0 scale mail
rPois   .            (no helmet)
rElec   .            (no cloak)
rCorr   .            (no gloves)
SInv    .            e - +0 pair of boots
Will    .....        (no amulet) Stlth
                     (no ring)
HPRegen 0.23/turn    (no ring)
MPRegen 0.07/turn

%: no passive effects
@: lethally poisoned (0 -> -15)
A: no striking features
a: no special abilities


You were on level 1 of the Dungeon.
You visited 1 branch of the dungeon, and saw 1 of its levels.

Inventory:

Hand Weapons
 a - a +0 long sword (weapon)
Armour
 b - a +0 scale mail (worn)
 c - a +0 buckler (worn)
 e - a +0 pair of boots (worn)
Potions
 d - a potion of might


   Skills:
 + Level 3.0 Fighting
 + Level 1.8 Long Blades
 + Level 2.9 Armour
 + Level 2.9 Shields


You couldn't memorise any spells.
You didn't know any spells.
Your spell library contained the following spells:

 Spells                   Type           Power      Damage    Failure   Level
 Summon Small Mammal      Summ           0%         N/A       90%         1
 Call Canine Familiar     Summ           0%         N/A       99%         3
 Summon Blazeheart Golem  Fire/Summ      0%         N/A       100%        4


Dungeon Overview and Level Annotations

Branches:
Dungeon (1/15)

Altars:


Message History

You finish putting on your +0 pair of boots.
HP restored.
A bat and a kobold come into view.
The kobold is wielding a +0 dagger of venom.
The kobold shouts!
There are monsters nearby!
A ball python comes into view.
The ball python hisses angrily.
The bat misses you.
You slash the bat!
You kill the bat!
A frilled lizard comes into view.
The frilled lizard hisses angrily.
Found 10 gold pieces and a scroll labelled UQOALI EG EXA.
Found a stone staircase leading down.
A bat comes into view.
The ball python barely misses you. The ball python grabs you.
The ball python constricts you.
You closely miss the ball python. The ball python barely misses you.
The ball python constricts you. The kobold hits you but does no damage.
You are poisoned.
The ball python bites you but does no damage.
The ball python constricts you.
You completely miss the ball python.
You feel very sick. The bat hits you but does no damage.
The ball python bites you but does no damage.
The ball python constricts you. The kobold hits you but does no damage.
You are more poisoned.
The ball python bites you. The ball python constricts you.
You block the kobold's attack.
You escape the ball python's grasp.
You feel very sick. You block the bat's attack.
The kobold hits you but does no damage.
You are more poisoned.
* * * LOW HITPOINT WARNING * * *
You feel very sick. The bat hits you.
* * * LOW HITPOINT WARNING * * *
You die...

#.. #.....#...♣#
#..#.....#..#♣ ?.....#
#..#######..# ......#
♣...........# .......
#...........♣### .......
♣.#♣♣.#.♣####..###......
♣♣.♣# #.#.....##..
####.≈#######..b........
#.....#......@.Sl......> #
#.....##.####..K........ .
#.....##.# #...........
.####.#####.####...........
..).).....................$
#####.##...................
#.#..########..........
..###...## ...........
.......#......


You could see a bat, a ball python, a kobold and a frilled lizard.

Vanquished Creatures
  2 goblins (D:1)
  2 hobgoblins (D:1)
  A bat (D:1)
5 creatures vanquished.

Notes
Turn   | Place    | Note
-------+----------+-------------------------------------------
     0 | D:1      | Silvore the Demonspawn Fighter began the quest for the Orb.
     0 | D:1      | Reached XP level 1. HP: 18/18 MP: 1/1
   127 | D:1      | Succumbed to a kobold's poison

Illustrated notes

Levels and vault maps discovered:
D:1:      saegor_arrival_under_anarchy, layout_rooms

Action                     || total
---------------------------++-------
  Melee: Long sword        ||    18
 Armour: Scale mail        ||    25
  Dodge: Dodged            ||    12
  Block: Buckler           ||     7
